 Dungeon Crawl Stone Soup version 0.27.1-34-g3ba077fa99 (webtiles) character file.

Game seed: 4945273306085945306

3584 psylithic the Basher (level 9, -3/71 HPs)
             Began as a Minotaur Berserker on Jan 12, 2022.
             Was a Priest of Trog.
             Slain by a vampire (7 damage)
             ... on level 9 of the Dungeon.
             The game lasted 00:36:50 (5105 turns).

psylithic the Basher (Minotaur Berserker)           Turns: 5105, Time: 00:36:51

Health: -3/71      AC: 17    Str: 26    XL:     9   Next: 85%
Magic:  8/8        EV:  9    Int:  4    God:    Trog [***...]
Gold:   308        SH:  5    Dex:  9    Spells: 8/8 levels left

rFire    . . .     SeeInvis .   x - +0 mace (protect)
rCold    . . .     Faith    .   (no shield)
rNeg     . . .     Spirit   .   G - +0 plate armour
rPois    .         Reflect  +   e - +2 hat
rElec    .         Harm     .   (no cloak)
rCorr    +         Rampage  .   (no gloves)
Will     ++...                  r - +1 pair of boots {Stlth+}
Stlth    ..........             l - amulet of reflection
HPRegen  1.21/turn              s - ring of resist corrosion
MPRegen  0.11/turn              (no ring)

@: strong-willed, on berserk cooldown, regenerating, slowed, very slow
A: horns 2, retaliatory headbutt
a: Renounce Religion, Berserk, Trog's Hand


You were on level 9 of the Dungeon.
You worshipped Trog.
Trog was most pleased with you.
You visited 1 branch of the dungeon, and saw 9 of its levels.

You collected 308 gold pieces.

Inventory:

Hand Weapons
 a - a +0 spear
 g - a +0 short sword
 p - a +0 club
 u - a +2 mace of holy wrath
 v - a +2 quarterstaff of chaos
 x - a +0 mace of protection (weapon)
 C - a +0 short sword of protection
 D - a +2 dagger of venom
 F - a +0 giant spiked club
 H - a +0 giant spiked club
 I - a +0 shortbow
Missiles
 j - 153 arrows
Armour
 b - a +0 animal skin
 e - a +2 hat (worn)
 r - a +1 pair of boots of stealth (worn)
 w - a +0 cloak
 B - the +1 leather armour of Gapsom {rF- Will+++ Str+5}
   (You found it on level 4 of the Dungeon)

   Str:       It affects your strength (+5).
   rF:        It makes you vulnerable to fire.
   Will:      It greatly increases your willpower.
 E - a +2 ring mail of willpower
 G - a +0 plate armour (worn)
Magical Staves
 m - a staff of fire
Jewellery
 l - an amulet of reflection (around neck)
 s - a ring of resist corrosion (left hand)
 A - a ring of wizardry
Wands
 o - a wand of flame (25)
Scrolls
 h - 3 scrolls of teleportation {unknown}
 i - a scroll of holy word {unknown}
 k - 4 scrolls of identify {unknown}
 q - a scroll of amnesia {unknown}
 t - 2 scrolls of magic mapping {unknown}
 y - a scroll of summoning {unknown}
Potions
 c - a potion of mutation {unknown}
 d - a potion of haste {unknown}
 f - 3 potions of curing {unknown}
 n - a potion of flight {unknown}
 z - 2 potions of heal wounds {unknown}


   Skills:
 - Level 3.7 Fighting
 + Level 9.8 Maces & Flails
 + Level 5.7 Polearms
 + Level 7.2 Armour
 + Level 7.2 Dodging
 + Level 3.1 Stealth
 + Level 6.5 Shields


You had 8 spell levels left.
You didn't know any spells.
Your spell library contained the following spells:

 Spells                   Type           Power      Damage    Failure   Level
 Summon Small Mammal      Summ           0%         N/A       100%        1
 Call Canine Familiar     Summ           0%         N/A       100%        3
 Summon Guardian Golem    Hex/Summ       0%         N/A       100%        3
 Animate Dead             Necr           0%         N/A       100%        4
 Borgnjor's Vile Clutch   Necr/Erth      0%         N/A       100%        5
 Death Channel            Necr           0%         N/A       100%        6


Dungeon Overview and Level Annotations

Branches:
Dungeon (9/15)
 Temple: D:4-7         Lair: D:8-11         Orc: D:9-12

Altars:
Wu Jian
Beogh


Innate Abilities, Weirdness & Mutations

You have a pair of horns on your head.
You reflexively headbutt those who attack you in melee.


Message History

Something hits you but does no damage. Something bites you but does no damage.
You closely miss something. You closely miss something. You headbutt something!
Something hits you but does no damage. Something bites you.
Something draws strength from your injuries!
You closely miss something. You headbutt something!
You are no longer berserk.
You are exhausted.
You feel yourself slow down.
You completely miss something. You headbutt something.
Something hits you but does no damage. Something bites you but does no damage.
Something hits you. Something bites you.
* * * LOW HITPOINT WARNING * * *
Something draws strength from your injuries!
Your skin crawls.
You feel strong-willed. Something hits you but does no damage.
Something bites you but does no damage.
You miss something. Something draws life force from you.
* * * LOW HITPOINT WARNING * * *
Something hits you!
* * * LOW HITPOINT WARNING * * *
Something bites you but does no damage.
Okay, then.
You completely miss something. Something hits you but does no damage.
Something bites you.
* * * LOW HITPOINT WARNING * * *
Something draws strength from your injuries!
Your skin crawls.
You feel strong-willed. Something hits you.
* * * LOW HITPOINT WARNING * * *
Something bites you.
* * * LOW HITPOINT WARNING * * *
Something draws strength from your injuries!
You closely miss something. Something hits you but does no damage.
Something bites you.
* * * LOW HITPOINT WARNING * * *
Something draws strength from your injuries!
Something hits you!
You die...

#########
#.......#
#.......#
####.......#
...'.......#
#...)...+
#.{.....#
#.@.....##
#........##
#.....#...#
##+####8.♣#
#...# #8.8#
#...# #♣.8#
#...#


There were no monsters in sight!

Vanquished Creatures
  2 two-headed ogres
  2 orc warriors (D:7)
  An ice beast (D:6)
  2 black bears
  A necrophage (D:7)
  2 ogres (D:5)
  A centaur (D:7)
  A bullfrog (D:7)
  A scorpion (D:4)
  11 killer bees (D:7)
  5 centaur zombies
  2 hounds
  A jelly (D:7)
  Crazy Yiuf (D:3)
  3 orc priests (D:7)
  Ijyb (D:3)
  2 iguanas
  3 orc wizards
  5 adders
  A white imp (D:7)
  A dart slug (D:3)
  20 orcs
  3 endoplasms
  3 goblins
  3 hobgoblins
  7 jackals
  3 kobolds
  4 quokkas
  4 ball pythons
  3 bats
  4 frilled lizards
  3 rats
106 creatures vanquished.

Notes
Turn   | Place    | Note
-------+----------+-------------------------------------------
     0 | D:1      | psylithic the Minotaur Berserker began the quest for the
                  | Orb.
     0 | D:1      | Reached XP level 1. HP: 19/19 MP: 0/0
   275 | D:1      | Reached XP level 2. HP: 25/27 MP: 1/1
   601 | D:2      | Reached ** piety under Trog
   619 | D:3      | Reached XP level 3. HP: 28/33 MP: 2/2
   727 | D:3      | Noticed Ijyb
   736 | D:3      | Killed Ijyb
   941 | D:3      | Found a runed translucent door.
   942 | D:3      | Noticed Crazy Yiuf
   963 | D:3      | Killed Crazy Yiuf
   964 | D:3      | Reached skill level 5 in Polearms
   964 | D:3      | Reached skill level 1 in Stealth
   964 | D:3      | Reached XP level 4. HP: 36/40 MP: 3/3
  1532 | D:4      | Found an ornate altar of the Wu Jian Council.
  1674 | D:4      | Noticed a scorpion
  1680 | D:4      | Killed a scorpion
  1681 | D:4      | Reached skill level 1 in Maces & Flails
  1681 | D:4      | Reached XP level 5. HP: 46/46 MP: 4/4
  1851 | D:4      | Identified the +1 leather armour of Gapsom {rF- Will+++
                  | Str+5}
  2722 | D:5      | Entered Level 5 of the Dungeon
  2722 | D:5      | Noticed a black bear
  2727 | D:5      | Reached skill level 1 in Shields
  2733 | D:5      | Reached skill level 2 in Maces & Flails
  2733 | D:5      | Reached XP level 6. HP: 52/52 MP: 5/5
  2877 | D:5      | Reached skill level 3 in Maces & Flails
  2877 | D:5      | Reached XP level 7. HP: 53/58 MP: 6/6
  3231 | D:6      | Reached skill level 4 in Maces & Flails
  3965 | D:7      | Found a transporter.
  3970 | D:7      | Found a transporter.
  3980 | D:7      | Reached skill level 5 in Dodging
  3983 | D:7      | Reached skill level 5 in Maces & Flails
  3986 | D:7      | Reached *** piety under Trog
  3993 | D:7      | Reached XP level 8. HP: 44/66 MP: 7/7
  4400 | D:7      | Noticed a two-headed ogre
  4417 | D:7      | Reached skill level 6 in Maces & Flails
  4427 | D:7      | Killed a two-headed ogre
  4428 | D:7      | Reached skill level 7 in Maces & Flails
  4428 | D:7      | Reached skill level 5 in Armour
  4431 | D:7      | Reached XP level 9. HP: 71/71 MP: 8/8
  4440 | D:7      | Reached skill level 8 in Maces & Flails
  4527 | D:7      | Reached skill level 5 in Shields
  5039 | D:8      | Reached skill level 9 in Maces & Flails
  5082 | D:9      | Noticed a two-headed ogre
  5093 | D:9      | Killed a two-headed ogre
  5105 | D:9      | Slain by a vampire

Illustrated notes

Levels and vault maps discovered:
D:1:      lightli_arrival_maybe_door_vault, layout_basic,
          chequers_ecumenical_altar_simple
D:2:      layout_loops_ring
D:3:      layout_basic, chequers_serial_rivers_room_b, serial_bayou_lagoon_a,
          uniq_ijyb, uniq_crazy_yiuf_cottage
D:4:      layout_cave_pods, nicolae_wu_jian_immortal_techniques,
          patterned_corridor
D:5:      layout_loops_cross, grunt_dithmenos_shadows,
          minmay_temple_entry_fiery, chequers_serial_rivers_small_a,
          kennysheep_cluttered_room
D:6:      layout_loops_ring, minmay_overflow_temple_star_hex,
          serial_park_tiny_1, uniq_blork_the_orc
D:7:      gammafunk_beogh_shrine, layout_layer_cave
D:8:      layout_basic, minmay_misc_feat_five, dk_noncrumbling_3, kennysheep_nub
D:9:      layout_roguey [special_room_bee], orc_0_dummy, chequers_avenue,
          minivault_16, hangedman_decor_opposing

Skill      XL: |  1  2  3  4  5  6  7  8  9 |
---------------+----------------------------+-----
Polearms       | 4 5 |  5.7
Dodging        | 3 4 5 6 7 |  7.2
Stealth        | 1 2 3 |  3.1
Maces & Flails | 1 2 3 5 7 9 |  9.8
Armour         | 3 4 5 7 |  7.2
Shields        | 1 2 4 6 |  6.5
Fighting       | |  3.7

Action                   |  1- 3 |  4- 6 |  7- 9 || total
-------------------------+-------+-------+-------++-------
Melee: Spear             |    57 |       |       ||    57
       Headbutt          |     9 |    12 |    39 ||    60
       Mace              |     1 |    72 |   183 ||   256
Invok: Berserk           |     4 |     5 |     7 ||    16
       Trog's Hand       |     1 |     1 |     6 ||     8
 Stab: Sleeping          |     1 |       |       ||     1
       Distracted        |       |     1 |       ||     1
Armor: Animal skin       |     7 |       |       ||     7
       Scale mail        |     2 |    19 |       ||    21
       Ring mail         |     1 |       |       ||     1
       Leather armour    |       |    25 |       ||    25
       Skin              |       |     1 |    33 ||    34
       Plate armour      |       |       |   134 ||   134
Dodge: Dodged            |    30 |    70 |   133 ||   233
Block: Other             |     5 |    23 |    64 ||    92
       Reflection        |       |       |     1 ||     1
